 Dungeon Crawl Stone Soup version 0.31.0-4-g52a2dc7128 (webtiles) character file.

Game seed: 14844889256816081285

2 Implojin the Grave Robber (level 1, -1/9 HPs)
             Began as a Vine Stalker Necromancer on Jan 21, 2024.
             Slain by a quokka (4 damage)
             ... on level 1 of the Dungeon.
             The game lasted 00:00:37 (106 turns).

Implojin the Grave Robber (Vine Stalker Necromancer) Turns: 106, Time: 00:00:38

Health: -1/9       AC:  2    Str: 10    XL:     1   Next: 40%
Magic:  0/4        EV: 12    Int: 15    God:
Gold:   11         SH:  0    Dex: 14    Spells: 3/4 levels left

rFire   . . .        (no weapon)
rCold   . . .        (no shield)
rNeg    . . .        a - +0 robe
rPois   .            (no helmet)
rElec   .            (no cloak)
rCorr   .            (no gloves)
SInv    .            (no boots)
Will    .....        (no amulet)
Stlth   ++           d - ring of flight
HPRegen 1.01/turn    (no ring)
MPRegen 0.09/turn

%: guardian spirit
@: flying
A: fangs 2, regeneration 1, magic shield, antimagic bite, no potion heal 2
a: no special abilities


You were on level 1 of the Dungeon.
You visited 1 branch of the dungeon, and saw 1 of its levels.

You collected 11 gold pieces.

Inventory:

Missiles
 e - 3 poisoned darts
Armour
 a - a +0 robe (worn)
Jewellery
 d - a ring of flight (left hand)
Scrolls
 c - a scroll of identify {unknown}
 f - a scroll of revelation {unknown}
Potions
 b - a potion of magic


   Skills:
 * Level 0.6 Fighting
 - Level 1.5 Dodging
 - Level 2.4 Stealth
 - Level 2.1 Spellcasting
 - Level 4.0 Necromancy


You had 3 spell levels left.
You knew the following spells:

 Your Spells              Type           Power      Damage    Failure   Level
a - Necrotise             Necr           52%        1d6       4%          1

Your spell library contained the following spells:

 Spells                   Type           Power      Damage    Failure   Level
 Vampiric Draining        Necr           13%        2d6       13%         3
 Animate Dead             Necr           13%        N/A       38%         4
 Curse of Agony           Necr           13%        N/A       75%         5


Dungeon Overview and Level Annotations

Branches:
Dungeon (1/15)

Altars:


Innate Abilities, Weirdness & Mutations

You have extremely sharp teeth.
Your natural rate of healing is unusually fast.
When hurt, damage is shared between your health and your magic reserves.
Your bite disrupts and absorbs the magic of your enemies.
Potions cannot restore your health.


Message History

You kill the giant cockroach!
You see here 3 poisoned darts.
e - 3 poisoned darts
f - a scroll labelled PYOTISKIJI An endoplasm comes into view.
Found 11 gold pieces.
The endoplasm quivers.
The endoplasm jiggles.
You hit the endoplasm.
The endoplasm is moderately wounded.
The endoplasm freezes you.
You are frozen.
You hit the endoplasm. You bite the endoplasm.
You kill the endoplasm!
Magic restored.
You now have 11 gold pieces.
A quokka is nearby!
A quokka is nearby!
The helpless quokka fails to defend itself.
You hit the quokka.
The quokka is moderately wounded.
The quokka bites you.
You hit the quokka.
The quokka is heavily wounded.
The quokka barely misses you. The quokka bites you.
You hit the quokka but do no damage.
The quokka is heavily wounded.
The quokka bites you.
Ouch! That really hurt!
Danger: Low HP Warning |T3| Reason: 22% HP (2/9)
You aren't carrying any items that you can evoke.
Unknown command.
Okay, then.
Okay, then.
You hit the quokka but do no damage.
The quokka is heavily wounded.
The quokka bites you.
You barely miss the quokka.
The quokka is heavily wounded.
The quokka bites you.
You die...

#......................
#.#.#............##..##
#.#.#.#.#...#...###....
#.#...#.#..............
#.###.#.#...#...#######
#.# #.#.#.........
#.###.#.#.......###
#...............#
.........@r.......#
###.###.#.#.......# #
#.#.##......# #.#.#
.... ..#.# ... ###.# ..
#.. . ###


You could see a quokka.

Vanquished Creatures
  An endoplasm (D:1)
  A giant cockroach (D:1)
  2 butterflies (D:1)
4 creatures vanquished.

Notes
Turn   | Place    | Note
-------+----------+-------------------------------------------
     0 | D:1      | Implojin the Vine Stalker Necromancer began the quest for
                  | the Orb.
     0 | D:1      | Reached XP level 1. HP: 9/9 MP: 4/4
   106 | D:1      | Slain by a quokka

Illustrated notes

Levels and vault maps discovered:
D:1:      spicycebolla_arrival_clurvy, layout_basic

Action                     || total
---------------------------++-------
  Melee: Unarmed           ||    16
         Bite              ||     4
   Stab: Sleeping          ||     2
 Armour: Robe              ||     7
  Dodge: Dodged            ||     6
